 Dungeon Crawl Stone Soup version 0.29.1-15-g9cfb28693d (webtiles) character file.

Game seed: 10619946528944708429

4 firemarshallily the Grave Robber (level 1, -1/13 HPs)
             Began as a Demonspawn Wanderer on Apr 17, 2023.
             Slain by a hobgoblin (4 damage)
             ... on level 1 of the Dungeon.
             The game lasted 00:01:57 (201 turns).

firemarshallily the Grave Robber (DsWn)              Turns: 201, Time: 00:01:58

Health: -1/13      AC:  6    Str: 11    XL:     1   Next: 58%
Magic:  0/2        EV:  9    Int: 14    God:
Gold:   0          SH:  0    Dex: 12    Spells: 1/2 levels left

rFire   + . .      SeeInvis .   e - +0 whip
rCold   + . .      Faith    .   (no shield)
rNeg    . . .      Spirit   .   b - +0 scale mail
rPois   +          Reflect  .   (no helmet)
rElec   +          Harm     .   (no cloak)
rCorr   +          Rampage  .   (no gloves)
Will    .....                   (no boots)
Stlth   ..........              (no amulet)
HPRegen 0.04/turn               (no ring)
MPRegen 0.08/turn               (no ring)

@: resistant, very slightly contaminated
A: no striking features
a: no special abilities


You were on level 1 of the Dungeon.
You visited 1 branch of the dungeon, and saw 1 of its levels.

Inventory:

Hand Weapons
 a - a +0 sling
 e - a +0 whip (weapon)
Armour
 b - a +0 scale mail (worn)


   Skills:
 + Level 0.1 Fighting
 - Level 1.8 Ranged Weapons
 + Level 1.0 Armour
 - Level 1.7 Dodging
 - Level 1.0 Stealth
 * Level 1.2 Spellcasting
 * Level 3.4 Necromancy


You had one spell level left.
You knew the following spells:

 Your Spells              Type           Power      Damage    Failure   Level
a - Necrotise             Necr           40%        1d6       36%         1

Your spell library contained the following spells:

 Spells                   Type           Power      Damage    Failure   Level
 Anguish                  Hex/Necr       2%         N/A       100%        4
 Corpse Rot               Necr/Pois/Air  4%         N/A       100%        4


Dungeon Overview and Level Annotations

Branches:
Dungeon (1/15)

Altars:


Message History

Fire: a) +0 sling
Press: ? - help, Shift-Dir - straight line, f/p - goblin
Aim: a goblin, wielding a +0 club (43% to hit)
You shoot a sling bullet. The sling bullet hits the goblin.
The goblin is moderately wounded.
The goblin misses you. The goblin hits you with a +0 club.
* * * LOW HITPOINT WARNING * * *
It was a potion of resistance.
You feel protected. The goblin closely misses you.
As you read the scroll of fear, it crumbles to dust.
You assume a fearsome visage.
The goblin looks frightened!
The hobgoblin looks frightened!
e - a +0 whip (weapon)
You see here a +0 leather armour.
You start resting.
A goblin is nearby!
Aiming: Necrotise (safe; 36% risk of failure)
Press: ? - help, Q - select action Shift-Dir - straight line, f/p - goblin
Aim: a goblin, wielding a +0 club (chance to affect: 78%)
You miscast Necrotise.
You are very lightly contaminated with residual magic.
Nothing appears to happen.
Aiming: Necrotise (safe; 36% risk of failure)
Press: ? - help, Q - select action Shift-Dir - straight line, f/p - goblin
Aim: a goblin, wielding a +0 club (chance to affect: 78%)
You miscast Necrotise.
Nothing appears to happen.
Unknown command.
You closely miss the goblin. The goblin hits you but does no damage.
You closely miss the goblin. The goblin closely misses you.
The goblin hits you with a +0 club.
* * * LOW HITPOINT WARNING * * *
You miss the goblin. The goblin barely misses you.
You barely miss the goblin. The goblin barely misses you.
You hit the goblin.
You kill the goblin!
You hit the hobgoblin.
The hobgoblin is almost dead.
The hobgoblin hits you.
You die...

#.#.#
#.#.##
#.#..#
#)##.#
#.##.# #.#
.##.# .##.#
##. #@# #..
#g# #####.#
#.# ...#.#
#.#
###.#.###.#
#.........#
#.#########
#.# #.#


You could see a hobgoblin.

Vanquished Creatures
  An endoplasm (D:1)
  A hobgoblin (D:1)
  2 bats (D:1)
  A goblin (D:1)
5 creatures vanquished.

Notes
Turn   | Place    | Note
-------+----------+-------------------------------------------
     0 | D:1      | firemarshallily the Demonspawn Wanderer began the quest for
                  | the Orb.
     0 | D:1      | firemarshallily set off with the following items: a +0
                  | sling, a +0 scale mail, a scroll of fear; and the following
                  | spell memorised: Necrotise; and the following spells
                  | available to memorise: Anguish, Corpse Rot.
     0 | D:1      | Reached XP level 1. HP: 13/13 MP: 2/2
   201 | D:1      | Slain by a hobgoblin

Illustrated notes

Levels and vault maps discovered:
D:1:      dpeg_arrival_rooms_c, layout_loops_ring

Action                   || total
-------------------------++-------
Melee: Whip              ||     6
 Fire: Sling             ||    13
 Cast: Necrotise         ||     7
  Use: Scroll            ||     1
       Potion            ||     1
Armor: Scale mail        ||     6
Dodge: Dodged            ||    15
